Map: Crête de Lerilak

Players

Sylfaen

  • Race: Zerg Zerg
  • League: Diamond

YTROG - Winner!

  • Race: Protoss Protoss
  • League: Diamond

VOD

Have the link to the VOD?

Description

Time

  • Played on: May 18, 2016, 2:33 p.m.
  • Length: 11:35
Show
View Real Time Build Order
Export as new Build Order

Sylfaen Zerg 

Build Orders: Pool First 

Get SALT Encoding   

  12  0:01  Drone  
  13  0:11  Drone  
  14  0:16  Extractor  
  14  0:19  Drone  
  14  0:34  Spawning Pool  
  13  0:37  Drone  
  14  0:44  Overlord  
  14  0:52  Extractor, Drone  
  15  1:21  Metabolic Boost  
  15  1:22  Zergling x6  
  18  1:26  Queen  
  20  1:33  Zergling x2  
  21  1:44  Zergling x2  
  22  1:56  Hatchery  
  21  2:02  Overlord  
  21  2:21  Queen  
  23  2:24  Drone x2  
  25  2:36  Zergling x6  
  28  2:39  Zergling x2  
  29  2:48  Zergling x2  
  30  2:55  Overlord  
  28  3:08  Zergling x10  
  30  3:22  Drone x2  
  29  3:32  Drone x2  
  31  3:50  Hatchery  
  25  4:02  Drone x8  
  31  4:11  Overlord  
  31  4:13  Zergling x2  
  31  4:14  Zergling x2  
  33  4:17  Zergling x2  
  33  4:19  Zergling x2  
  33  4:21  Zergling x2  
  36  4:31  Evolution Chamber  
  35  4:40  Drone x4  
  39  4:50  Drone x4  
  39  4:51  Overlord  
  43  5:08  Queen  
  43  5:10  Zerg Melee Weapons Level 1  
  43  5:14  Drone x8  
  46  5:17  Extractor  
  46  5:19  Extractor  
  51  5:22  Overlord  
  47  5:45  Drone  
  47  5:46  Drone x5  
  47  5:47  Pneumatized Carapace  
  47  5:48  Queen  
  54  5:59  Spore Crawler  
  54  6:01  Spore Crawler  
  51  6:06  Drone x8  
  58  6:24  Baneling Nest  
  57  6:30  Zergling x2  
  57  6:31  Zergling x20  
  67  6:35  Zergling x2  
  67  6:36  Zergling x2  
  69  6:50  Zergling x2  
  69  6:51  Zergling x10  
  60  7:10  Baneling  
  60  7:11  Baneling x11  
  60  7:12  Zergling x14  
  45  7:46  Hatchery  
  45  7:48  Drone x6  
  50  8:04  Zerg Ground Armor Level 1  
  50  8:05  Queen  
  52  8:20  Lair  
  52  8:26  Zergling x12  
  58  8:41  Queen, Drone  
  58  8:42  Drone  
  62  9:03  Overlord x2  
  62  9:04  Drone  
  62  9:05  Drone x3  
  66  9:14  Drone x6  
  71  9:23  Hydralisk Den  
  70  9:26  Extractor  
  69  9:35  Drone  
  69  9:36  Drone x6  
  76  9:39  Extractor x2  
  76  9:42  Hatchery  
  73  9:52  Drone x3  
  76  9:53  Hydralisk  
  76  9:54  Hydralisk x4  
  76  9:59  Baneling x4  
  86  10:00  Baneling x3  
  86  10:01  Baneling  
  86  10:02  Baneling  
  86  10:03  Baneling  
  86  10:28  Overlord  
  86  10:34  Zergling x8  
  90  10:38  Baneling x2  
  78  10:56  Hydralisk  
  78  10:57  Hydralisk x9  
Show
View Real Time Build Order
Export as new Build Order

YTROG Protoss - Winner!

Build Orders: 1 Gate Expand 

Get SALT Encoding   

  12  0:02  Probe (Chrono Boost)  
  13  0:13  Probe (Chrono Boost)  
  14  0:18  Pylon  
  14  0:23  Probe (Chrono Boost)  
  15  0:37  Probe (Chrono Boost)  
  15  0:39  Gateway  
  16  0:47  Probe (Chrono Boost)  
  17  0:58  Probe (Chrono Boost)  
  18  1:08  Probe (Chrono Boost)  
  19  1:20  Nexus  
  19  1:23  Assimilator  
  19  1:33  Cybernetics Core  
  19  1:37  Probe (Chrono Boost)  
  20  1:50  Probe (Chrono Boost)  
  20  1:53  Gateway  
  21  2:00  Probe (Chrono Boost), Pylon  
  22  2:10  Assimilator  
  22  2:11  Probe (Chrono Boost)  
  23  2:22  Adept (Chrono Boost), Probe (Chrono Boost)  
  25  2:32  Mothership Core (Chrono Boost)  
  29  2:44  Pylon  
  29  2:45  Adept (Chrono Boost)  
  28  2:52  Adept (Chrono Boost), Probe  
  31  3:02  Probe  
  32  3:08  Warp Gate (Chrono Boost)  
  34  3:15  Stalker (Chrono Boost)  
  34  3:21  Adept (Chrono Boost)  
  34  3:28  Probe  
  34  3:30  Probe  
  36  3:37  Stargate  
  36  3:41  Pylon  
  36  3:43  Probe x2  
  38  3:59  Adept (Chrono Boost)  
  38  4:00  Probe  
  38  4:02  Probe  
  44  4:03  Adept (Chrono Boost), Assimilator  
  44  4:07  Assimilator  
  44  4:08  Pylon  
  44  4:11  Probe  
  45  4:23  Pylon x2  
  45  4:25  Probe  
  45  4:28  Oracle (Chrono Boost)  
  46  4:33  Probe  
  50  4:43  Probe  
  51  4:46  Forge  
  51  4:48  Probe  
  52  4:55  Probe  
  52  5:08  Void Ray  
  52  5:11  Probe x2 (Chrono Boost)  
  58  5:16  Robotics Facility  
  58  5:22  Probe (Chrono Boost)  
  58  5:23  Protoss Ground Weapons Level 1 (Chrono Boost)  
  58  5:26  Probe (Chrono Boost)  
  60  5:31  Sentry  
  60  5:32  Zealot  
  60  5:33  Probe (Chrono Boost)  
  65  5:44  Probe (Chrono Boost)  
  65  5:45  Probe (Chrono Boost)  
  67  5:52  Pylon  
  67  5:58  Probe x2 (Chrono Boost)  
  69  6:10  Void Ray  
  73  6:14  Adept, Probe (Chrono Boost)  
  73  6:15  Adept  
  78  6:25  Nexus  
  78  6:31  Pylon  
  78  6:45  Pylon  
  78  6:46  Pylon  
  78  7:03  Probe  
  78  7:08  Adept  
  78  7:09  Adept  
  61  7:45  Stalker x2  
  61  7:50  Gateway  
  65  7:51  Probe  
  65  7:52  Probe  
  65  7:53  Gateway  
  65  7:55  Gateway, Void Ray (Chrono Boost)  
  65  7:57  Gateway  
  71  7:59  Gateway  
  71  8:01  Gateway, Twilight Council  
  71  8:03  Gateway  
  71  8:10  Immortal  
  75  8:15  Adept  
  75  8:16  Adept  
  79  8:28  Protoss Ground Weapons Level 2 (Chrono Boost)  
  79  8:30  Probe x2  
  79  8:32  Gateway, Void Ray (Chrono Boost)  
  85  8:37  Adept x2, Resonating Glaives (Chrono Boost)  
  89  8:42  Pylon  
  89  8:46  Immortal (Chrono Boost)  
  93  8:58  Pylon  
  93  9:00  Pylon  
  93  9:03  Nexus  
  93  9:05  Pylon  
  93  9:09  Adept  
  95  9:10  Adept  
  95  9:12  Void Ray (Chrono Boost)  
  101  9:22  Templar Archives  
  101  9:23  Probe x2  
  103  9:25  Assimilator  
  103  9:28  Sentry x2  
  107  9:37  Adept x3  
  113  9:42  Probe x2  
  115  9:54  Probe x2  
  115  9:59  High Templar  
  119  10:00  High Templar x3  
  119  10:01  Assimilator  
  119  10:04  Pylon  
  119  10:05  Pylon  
  119  10:06  Probe  
  119  10:07  Archon x2  
  126  10:15  Probe, High Templar  
  126  10:16  High Templar x2, Probe  
  126  10:18  Probe  
  135  10:26  Pylon  
  135  10:27  Probe  
  136  10:35  Pylon  
  136  10:36  Zealot, High Templar x2  
  136  10:37  Zealot x2  
  136  10:40  Archon  
  124  11:06  Stalker x5  
  124  11:07  Stalker  
  124  11:08  Adept x2  
  140  11:20  Archon  
  140  11:33  Adept x6  
  152  11:34  Adept  
Tags
 
Add a new tag
Caveats
  • Supply blocks, unpowered buildings, or Contaminate may cause inaccurate times.
  • Supply counts are checked every 10 seconds.